 Dungeon Crawl Stone Soup version 0.32-a0-306-gfed3edf829 (webtiles) character file.

Game seed: 16709709418831881123

530541 Drazool the Devastator (level 23, -10/195 HPs)
             Began as a Demigod Conjurer on Feb 9, 2024.
             Mangled by a caustic shrike (28 damage)
             ... on level 4 of the Depths on Feb 14, 2024.
             The game lasted 05:23:47 (90192 turns).

Drazool the Devastator (Demigod Conjurer)          Turns: 90192, Time: 05:23:48

Health: -10/195    AC: 13    Str: 13    XL:     23   Next: 78%
Magic:  48/60      EV: 13    Int: 46    God:
Gold:   4249       SH: 12    Dex: 12    Spells: 12/58 levels left

rFire   + + +        a - +2 sling of Durable Reinforcement {flame, Fly rPois rF++ rC+}
rCold   + + +        A - +2 shield of Resistance {rF++ rC++ Will++}
rNeg    . . .        e - +4 skin of Zhor {*Englaciate rC+++ SInv}
rPois   +            b - +2 hat
rElec   .            V - +2 cloak
rCorr   .            s - +2 pair of gloves
SInv    +            J - +1 pair of boots "Xuag" {^Drain Regen+ Str-3 SInv}
Will    ++++.        Q - amulet of regeneration
Stlth   +++          I - +6 ring of intelligence
HPRegen 2.12/turn    M - ring of magical power
MPRegen 0.37/turn

%: no passive effects
@: corroded, flying
A: high MP 1, forlorn, divine attributes, horns 1, mutation resistance 1
}: 2/15 runes: serpentine, barnacled
a: no special abilities


You were on level 4 of the Depths.
You visited 8 branches of the dungeon, and saw 41 of its levels.
You visited 1 bazaar.
You also visited: Gauntlet, Ice Cave, Volcano and Wizlab.

You collected 6284 gold pieces.
You spent 2035 gold pieces at shops.


Innate Abilities, Weirdness & Mutations

You have an increased reservoir of magic. (+10% MP)
You shall have no god before yourself.
Your divine heritage dramatically boosts your attributes as you level up.
You have a pair of small horns on your head.
You are somewhat resistant to further mutation.


   Skills:
 - Level 14.0 Fighting
 - Level 6.0 Ranged Weapons
 - Level 6.0 Armour
 - Level 7.0 Dodging
 - Level 5.0 Stealth
 - Level 7.0 Shields
 - Level 18.0 Spellcasting
 + Level 19.9 Conjurations
 - Level 14.0 Hexes
 - Level 6.0 Necromancy
 - Level 8.0 Translocations
 - Level 19.0 Earth Magic
 - Level 7.0 Alchemy
 - Level 6.0 Evocations


You had 12 spell levels left.
You knew the following spells:

 Your Spells              Type           Power      Damage    Failure   Level
a - Yara's Violent Unrav  Hex/Alch       47%        3d18      1%          5
b - Borgnjor's Vile Clut  Necr/Erth      51%        N/A       1%          5
c - Lehudib's Crystal Sp  Conj/Erth      60%        10d14     3%          8
f - Fulminant Prism       Conj/Alch      52%        3d22      1%          4
i - Irradiate             Conj/Alch      52%        3d29      1%          5
l - Lee's Rapid Deconstr  Erth           60%        3d28*     0%          5
s - Searing Ray           Conj           100%       2d8       0%          2
X - Iskenderun's Mystic   Conj/Tloc      100%       2d19      1%          4
Y - Sublimation of Blood  Necr           77%        N/A       1%          2
Z - Bombard               Conj/Erth      60%        9d10      1%          6

Your spell library contained the following spells:

 Spells                   Type           Power      Damage    Failure   Level
 Magic Dart               Conj           100%       1d8       0%          1
 Sandblast                Erth           100%       2d20      0%          1
 Slow                     Hex            100%       N/A       0%          1
 Confusing Touch          Hex            100%       N/A       0%          3
 Passwall                 Erth           100%       N/A       0%          3
 Sigil of Binding         Hex            100%       N/A       0%          3
 Stone Arrow              Conj/Erth      100%       3d13      0%          3
 Tukima's Dance           Hex            100%       N/A       0%          3
 Brom's Barrelling Bould  Conj/Erth      100%       2d11      0%          4
 Iskenderun's Battlesphe  Conj           100%       2d15      0%          5
 Freeze                   Ice            100%       1d10      1%          1
 Shock                    Conj/Air       100%       1d9       1%          1
 Summon Small Mammal      Summ           100%       N/A       1%          1
 Cigotuvi's Dreadful Rot  Necr/Alch/Air  100%       N/A       1%          2
 Ensorcelled Hibernation  Hex/Ice        100%       N/A       1%          2
 Static Discharge         Conj/Air       100%       3-8/arc   1%          2
 Fugue of the Fallen      Necr           77%        N/A       1%          3
 Gell's Gravitas          Tloc           86%        N/A       1%          3
 Hailstorm                Conj/Ice       93%        3d15      1%          3
 Inner Flame              Hex/Fire       81%        N/A       1%          3
 Teleport Other           Tloc           86%        N/A       1%          3
 Vampiric Draining        Necr           77%        2d11      1%          3
 Anguish                  Hex/Necr       46%        N/A       1%          4
 Animate Armour           Summ/Erth      100%       N/A       1%          4
 Dimensional Bullseye     Hex/Tloc       48%        N/A       1%          4
 Dispel Undead            Necr           77%        3d25      1%          4
 Flame Wave               Conj/Fire      93%        2d20      1%          4
 Leda's Liquefaction      Alch/Erth      51%        N/A       1%          4
 Manifold Assault         Tloc           86%        N/A       1%          4
 Passage of Golubria      Tloc           86%        N/A       1%          4
 Petrify                  Alch/Erth      100%       N/A       1%          4
 Arcjolt                  Conj/Air       46%        1d56      1%          5
 Call Imp                 Summ           82%        N/A       2%          2
 Scorch                   Fire           82%        2d8       2%          2
 Vhi's Electric Charge    Tloc/Air       100%       N/A       2%          4
 Metabolic Englaciation   Hex/Ice        40%        N/A       2%          5
 Ignite Poison            Fire/Alch      65%        N/A       3%          4
 Sticky Flame             Fire/Alch      65%        2d11      3%          4
 Call Canine Familiar     Summ           41%        N/A       4%          3
 Frozen Ramparts          Ice            82%        1d13      4%          3
 Ozocubu's Armour         Ice            41%        N/A       4%          3
 Swiftness                Air            41%        N/A       4%          3
 Martyr's Knell           Necr/Summ      62%        N/A       4%          4
 Summon Forest            Summ/Tloc      33%        N/A       8%          5
 Dispersal                Tloc           43%        N/A       9%          6
 Eringya's Noxious Bog    Alch           40%        4d6       13%         6
 Airstrike                Air            20%        2d(3-19)  14%         4
 Summon Blazeheart Golem  Fire/Summ      41%        N/A       14%         4
 Summon Lightning Spire   Summ/Air       41%        N/A       14%         4
 Death Channel            Necr           38%        N/A       19%         6
 Spellforged Servitor     Conj/Summ      46%        N/A       22%         7
 Sculpt Simulacrum        Ice/Alch       32%        N/A       47%         6
 Plasma Beam              Fire/Air       20%        2x1d32    92%         6
 Summon Cactus Giant      Summ           20%        N/A       92%         6
 Haunt                    Necr/Summ      31%        N/A       98%         7
 Disjunction              Tloc           43%        N/A       98%         8
 Summon Hydra             Summ           20%        N/A       100%        7
 Borgnjor's Revivificati  Necr           38%        N/A       100%        8
 Ignition                 Fire           20%        3d7       100%        8
 Maxwell's Capacitive Co  Air            20%        ∞         100%        8
 Summon Horrible Things   Summ           20%        N/A       100%        8
 Death's Door             Necr           38%        N/A       100%        9
 Dragon's Call            Summ           20%        N/A       100%        9
 Polar Vortex             Ice            20%        12d2*     100%        9

Inventory:

Hand Weapons
 a - the +2 sling of Durable Reinforcement (weapon) {flame, Fly rPois rF++ rC+}
   (You found it on level 6 of the Dungeon)

   rF++:      It greatly protects you from fire.
   rC+:       It protects you from cold.
   rPois:     It protects you from poison Fly: It grants you flight.
Missiles
 i - 15 curare-tipped darts {=f}
 F - 3 throwing nets {=f}
 N - 14 silver javelins
Armour
 b - a +2 hat (worn)
 e - the +4 skin of Zhor (worn) {*Englaciate rC+++ SInv}
   (You found it on level 8 of the Dungeon)

   *Englaciate: It radiates cold, occasionally slowing all nearby creatures who
   are not resistant to cold.
   rC+++:     It renders you almost immune to cold.
   SInv:      It lets you see invisible.
 s - a +2 pair of gloves (worn)
 A - the +2 shield of Resistance (worn) {rF++ rC++ Will++}
   (You found it on level 3 of the Elven Halls)

   rF++:      It greatly protects you from fire.
   rC++:      It greatly protects you from cold.
   Will++:    It greatly increases your willpower.
 J - the +1 pair of boots "Xuag" (worn) {^Drain Regen+ Str-3 SInv}
   (You found it on level 6 of the Dungeon)

   Str-3:     It affects your strength (-3).
   SInv:      It lets you see invisible.
   Regen+:    It increases your rate of health regeneration.
   ^Drain:    It drains your maximum health when unequipped.
 V - a +2 cloak (worn)
 Z - a +2 helmet of see invisible
Magical Staves
 j - a staff of death {!a}
Jewellery
 E - an amulet of magic regeneration
 I - a +6 ring of intelligence (left hand)
 L - an amulet of the acrobat
 M - a ring of magical power (right hand)
 Q - an amulet of regeneration (around neck)
 T - a +4 ring of protection
Wands
 f - a wand of flame (53)
 o - a wand of mindburst (12)
 z - a wand of polymorph (11)
 P - a wand of paralysis (33)
 S - a wand of acid (9)
 X - a wand of roots (31)
Scrolls
 c - 5 scrolls of revelation
 d - 4 scrolls of fear
 m - 5 scrolls of poison
 n - 8 scrolls of teleportation {@r2}
 r - 4 scrolls of fog
 t - 8 scrolls of enchant armour
 v - 7 scrolls of amnesia
 y - 9 scrolls of immolation
 O - 10 scrolls of enchant weapon
Potions
 h - 7 potions of brilliance
 k - 24 potions of curing {@q1}
 l - 13 potions of attraction
 u - 6 potions of enlightenment
 w - 13 potions of heal wounds {@q2}
 x - 6 potions of mutation
 B - 9 potions of invisibility
 C - a potion of haste {@q3}
 D - 8 potions of might
 G - 4 potions of resistance
 K - 9 potions of cancellation
 R - 10 potions of lignification
Miscellaneous
 g - a lightning rod (4/4)
 p - a phial of floods
 q - a box of beasts
 H - a phantom mirror
 U - a tin of tremorstones (2/2)

Dungeon Overview and Level Annotations

Branches:
Dungeon (15/15)            Temple (0/1) D:6            Lair (5/5) D:10
 Shoals (4/4) Lair:2        Snake (4/4) Lair:2        Slime (0/5) Lair:5
    Orc (2/2) D:10            Elf (3/3) Orc:2        Vaults (4/5) D:14
  Crypt (0/3) Vaults:3     Depths (4/4) D:15          IceCv (visited)
Volcano (visited)          WizLab (visited)         Gauntlet (visited)
    Zot: Depths:4

Shops:
D:2 !   D:3 :   D:7 *   D:9 !   D:12 *   Orc:2 ![[*   Shoals:2 !   Depths:2 [
Depths:3 =

Portals:
Hell: Depths:1 Depths:2 Depths:3 Depths:4
Abyss: Depths:3
Pandemonium: Depths:2 Depths:3

Annotations:
Shoals:2 2 transporters, MrSquiggles's ghost, adept DsWn
Snake:4 3 runed translucent doors, Jeykid's ghost, adept DgFE
Elf:2 3 runed translucent doors

▒▒▒ ▒▒.▒ ▒▒..▒
▒▒▒▒▒▒▒▒▒
▒▒▒▒▒.ß.▒▒▒ß▒ß▒ßß▒▒
▒.......▒..........
▒.@.....'..........
▒.b.....'........).
▒▒...⌠...▒..........
▒▒.2......▒▒▒ß▒ß▒ßß▒▒
▒▒.ß.....ß.▒
▒▒▒▒▒▒▒▒▒
▒h.........▒
▒▒▒▒▒''▒▒▒▒▒ **
*▒.h..▒* **, ▒ß$b..ß▒
***,,


You could see a caustic shrike, a balrug and 2 hell hogs.


Message History

You are splashed with acid.
* * * LOW HITPOINT WARNING * * *
Unknown command.
As you read the scroll of fear, it crumbles to dust.
You assume a fearsome visage.
The caustic shrike resists with almost no effort.
The caustic shrike looks frightened! x2; The hell hog looks frightened!
The balrug easily resists.
The caustic shrike barely misses you.
A hell hog comes into view.
Unknown command.
You radiate an aura of cold.
The caustic shrike is unaffected.
The balrug resists.
The caustic shrike is unaffected. x2
The hell hog seems to slow down.
The caustic shrike attacks as it pursues you!
The caustic shrike misses you. The caustic shrike claws you.
* * * LOW HITPOINT WARNING * * *
The acid corrodes you!
You are splashed with acid!
* * * LOW HITPOINT WARNING * * *
The balrug gestures at you. Something smites you!
* * * LOW HITPOINT WARNING * * *
The caustic shrike attacks as it pursues you!
The caustic shrike claws you!!
* * * LOW HITPOINT WARNING * * *
You are splashed with acid.
* * * LOW HITPOINT WARNING * * *
You block the caustic shrike's attack.
There is an escape hatch in the ceiling, spattered with blood here.
The caustic shrike claws you!!
You die...

Skill      XL: |  1  2  3  4  5  6  7  8  9 10 11 12 13 14 15 16 17 18 19 20 21 22 23 |
---------------+----------------------------------------------------------------------+-----
Conjurations   | 4 5 6 7 8 9 10 12 14 15 17 19 | 19.9
Spellcasting   | 3 5 8 9 10 13 14 15 16 17 18 | 18.0
Fighting       | 1 3 6 7 8 9 10 11 12 13 14 | 14.0
Translocations | 3 4 6 7 8 |  8.0
Necromancy     | 2 3 5 6 |  6.0
Stealth        | 3 4 5 |  5.0
Dodging        | 3 4 5 6 7 |  7.0
Armour         | 2 3 4 5 6 |  6.0
Alchemy        | 5 6 7 |  7.0
Ranged Weapons | 4 6 |  6.0
Evocations     | 2 4 6 |  6.0
Earth Magic    | 9 10 11 12 14 15 17 18 19 | 19.0
Hexes          | 9 14 | 14.0
Shields        | 5 6 7 |  7.0

Action                     |  1- 3 |  4- 6 |  7- 9 | 10-12 | 13-15 | 16-18 | 19-21 | 22-24 || total
---------------------------+-------+-------+-------+-------+-------+-------+-------+-------++-------
  Melee: Unarmed           |     3 |       |       |       |       |       |       |       ||     3
         Dagger            |     2 |       |       |       |       |       |       |       ||     2
         Spear             |       |       |    15 |       |       |       |       |       ||    15
   Fire: Sling             |       |       |    61 |   145 |    50 |    10 |     3 |     1 ||   270
  Throw: Dart              |       |       |     2 |       |       |       |       |       ||     2
         Throwing net      |       |       |     1 |       |       |       |       |       ||     1
   Cast: Magic Dart        |    66 |    35 |    65 |     2 |    11 |       |       |       ||   179
         Searing Ray       |    14 |     8 |    77 |    56 |    69 |       |       |       ||   224
         Iskenderun's Myst |       |       |    10 |    35 |   132 |     4 |     6 |    20 ||   207
         Sublimation of Bl |       |       |     2 |    17 |   137 |   144 |   193 |    64 ||   557
         Fulminant Prism   |       |       |     4 |   163 |   200 |    66 |       |     3 ||   436
         Irradiate         |       |       |       |     4 |     1 |    14 |     1 |       ||    20
         Bombard           |       |       |       |       |   349 |   657 |   485 |   265 ||  1756
         Yara's Violent Un |       |       |       |       |    10 |   116 |    73 |    40 ||   239
         Borgnjor's Vile C |       |       |       |       |     8 |       |     1 |     1 ||    10
         Lee's Rapid Decon |       |       |       |       |       |   169 |   240 |   120 ||   529
         Lehudib's Crystal |       |       |       |       |       |       |    20 |    78 ||    98
  Evoke: Wand              |       |       |       |     1 |     4 |     3 |     5 |    12 ||    25
         Box of beasts     |       |       |       |     1 |       |     1 |     1 |       ||     3
         Lightning rod     |       |       |       |       |     4 |     4 |       |     1 ||     9
         Tin of tremorston |       |       |       |       |       |     1 |       |       ||     1
    Use: Scroll            |     3 |     2 |     3 |     8 |    13 |    10 |     5 |     6 ||    50
         Potion            |       |       |       |     1 |     3 |     2 |     4 |     5 ||    15
 Armour: Robe              |    15 |       |       |       |       |       |       |       ||    15
         Troll leather arm |       |     3 |    62 |     3 |       |       |       |       ||    68
         Animal skin       |       |       |       |    67 |   203 |   397 |   139 |   184 ||   990
  Dodge: Dodged            |    16 |     5 |   104 |    88 |   198 |   150 |    68 |    54 ||   683
  Block: Kite shield       |       |       |       |       |       |   159 |    93 |    67 ||   319

Levels and vault maps discovered:
D:1:      lemuel_arrival_rhombus, layout_basic
D:2:      cheibrodos_old_hovel, layout_basic, serial_shops, nicolae_shop_stone,
          nicolae_ecumenical_pavilion, roderic_lattice_a
D:3:      layout_basic, tso_metal_star, serial_shops, nicolae_shop_trees,
          st_stairs_8, uniq_sigmund, uniq_pargi
D:4:      layout_cave_pools, uniq_natasha, uniq_menkaure, uniq_grinder
D:5:      layout_basic, amethyst_killhole,
          serial_library_hellmonk_recessed_alcove,
          hangedman_abyss_or_decor_lesser_grid
D:6:      hangedman_cross_stitches, layout_cave_pools, minmay_temple_entry_grid,
          lightli_orcish_oven
D:7:      layout_rooms, mainiacjoe_overflow_alcove_4, amcnicky_altar_gilded,
          serial_shops, nicolae_shop_waterfront
D:8:      layout_basic, hellmonk_guarded_unrand_zhor
D:9:      layout_cave_pods, serial_shops, shop, kb_lookout_dungeons_type,
          onia_ninara_cookie
D:10:     layout_irregular_city, lair_entry_dummy, orc_0_dummy
D:11:     layout_basic
D:12:     layout_roguey, gammafunk_ghost_spectres, special_room
          [special_room_orc], guppyfry_shop_blood
D:13:     minmay_octagon_keep, layout_basic, gammafunk_ghost_cemetery,
          uniq_rupert, uniq_jorgrun
D:14:     layout_basic, skrybe_vaults_entry_preservation, glass_columns_b
D:15:     hangedman_depths_entry_civil_slaughter, layout_basic,
          ebering_ghost_inner_flame, uniq_agnes
Lair:1:   layout_misc_corridors, nicolae_volcano_entry_hallway,
          chequers_serial_rivers_room_b, hangedman_tree_tricks,
          serial_bayou_shore_a
Lair:2:   layout_chaotic_city, minmay_shoals_entry_beasts, dummy_snake_entry,
          serial_bayou_shore_b, infiniplex_staircase_pool
Lair:3:   layout_long_grid, beast_lair_carwin_11
Lair:4:   layout_roguey
Lair:5:   minmay_lair_end_frog_pond, layout_gridlike,
          nicolae_slime_entry_slimehenge, gauntlet_entry_generic,
          nicolae_lair_run_with_the_wolves, uniq_sonja
Shoals:1: layout_shoals, nicolae_shoals_this_corrosion
Shoals:2: layout_shoals, gammafunk_ghost_berserking_beasts, serial_shops,
          nicolae_shop_hallway_plus
Shoals:3: layout_shoals, nicolae_shoals_the_drawing_of_the_three
Shoals:4: shoals_end_hellmonk_lost_city
Snake:1:  layout_rooms, basic_altar
Snake:2:  layout_cave_pods, serial_bayou_lagoon_b
Snake:3:  layout_gridlike, portal_ice_cave_entry_dragon, grunt_megastairs_4,
          uniq_aizul, uniq_azrael
Snake:4:  johnstein_snake_rune_scales, layout_gridlike,
          ebering_ghost_rock_garden, lemuel_oklob_altar, serial_bayou_shore_b,
          uniq_vashnia
Orc:1:    layout_diamond_mine
Orc:2:    st_orc_ogre_mass, layout_caves, mines2_lemuel
Elf:1:    minmay_elf_arrival_summoners, layout_rooms, mu_enter_wizlab_2,
          minmay_elf_annihilation
Elf:2:    nicolae_elf_blades_splatter_lattice [mumra_blade_entry_bloodbath],
          layout_onion_city, dk_noncrumbling_4, minivault_16
Elf:3:    grunt_elf_hall_asides, layout_loops_ring, basic_altar, uniq_asterion
Vaults:1: nicolae_vaults_little_squares_6, vaults_room_ringed_pool,
          ontoclasm_vaults_twist, hangedman_vaults_snaps,
          nicolae_vaults_storage_closets_2, ontoclasm_vaults_misaligned,
          vaults_dpeg_encased_lava, nicolae_vaults_prndl,
          ontoclasm_vaults_gateway, layout_vaults_omnigrid
Vaults:2: nicolae_vaults_heart-shaped_vault,
          nicolae_vaults_corridor_and_loot_room,
          nicolae_vaults_variable_pillar_hall, v_rooms_1, v_misc_4,
          nicolae_vaults_double_plus_1, ontoclasm_vaults_decontamination,
          nicolae_vaults_storage_closets_1, ontoclasm_vaults_chip, v_misc_24,
          nicolae_vaults_specimen_jars, serial_ice_m,
          layout_vaults_chaotic_city, uniq_bai_suzhen
Vaults:3: lemuel_angel_altar, ontoclasm_vaults_bender, hangedman_vaults_maws,
          nicolae_vaults_offset_grid_hallway_3, vaults_mumra_chevron_long,
          nicolae_vaults_arrows, nicolae_vaults_murder_corner,
          blue_anna_dwarven_crypt, v_rooms_4, hangedman_vaults_slither,
          grunt_vaults_diagonal, vaults_room_door_ring, v_alt_pattern_4,
          nicolae_vaults_variable_pillar_hall, ontoclasm_vaults_spin,
          nicolae_vaults_double_plus_1, ontoclasm_vaults_chip,
          nicolae_vaults_house_1, layout_vaults_maze_bifur, uniq_xtahua
Vaults:4: hangedman_vaults_nodes, nicolae_vaults_tetromino_T_2,
          nicolae_vaults_storage_room_water,
          nicolae_vaults_trapezoid_lopsided_3, hangedman_vaults_capsules,
          st_greater_box_2, nicolae_vaults_trapezoid_lopsided_3,
          nicolae_vaults_trapezoid_4, vaults_mumra_hexcomb,
          nicolae_vaults_network_barrier, vaults_dpeg_hooks, v_misc_9,
          nicolae_vaults_big_ls, layout_vaults_omnibox
Depths:1: layout_gridlike, serial_shops, bzr_entry_lakeside,
          hangedman_geh_valley, roderic_roman_lattice,
          nicolae_ashenzari_panopticon
Depths:2: regret_index_makhleb_lecture_halls, layout_gridville, serial_shops,
          kennysheep_mini, glass_columns_c, pf_hell_entry_tar_river,
          rand_demon_pan_entry_9, minmay_misc_feat_square
Depths:3: minmay_ornate_pinched, layout_gridville, hell_entry,
          grunt_pan_entry_sceptre, abyss_entry, minivault_11,
          nicolae_shop_unique_rings, nicolae_houndstooth_variations,
          infiniplex_staircase_pillars_3a
Depths:4: grunt_profane_halls [grunt_zot_portal, grunt_profane_temple_dis,
          grunt_profane_temple_coc, grunt_profane_temple_geh,
          grunt_profane_temple_tar], hell_entry, uniq_margery

Notes
Turn   | Place    | Note
-------+----------+-------------------------------------------
     0 | D:1      | Drazool the Demigod Conjurer began the quest for the Orb.
     0 | D:1      | Reached XP level 1. HP: 14/14 MP: 5/5
   397 | D:1      | Reached skill level 4 in Conjurations
   481 | D:1      | Reached XP level 2. HP: 20/20 MP: 4/7
   841 | D:1      | Learned a level 2 spell: Searing Ray
  1261 | D:2      | Reached XP level 3. HP: 26/26 MP: 2/8
  1699 | D:2      | Found Zirr's Distillery.
  1702 | D:2      | Reached skill level 5 in Conjurations
  1725 | D:2      | Bought a potion of curing for 30 gold pieces
  1725 | D:2      | Bought a potion of attraction for 30 gold pieces
  1923 | D:2      | Reached skill level 2 in Spellcasting
  2409 | D:3      | Noticed a phantom
  2425 | D:3      | Killed a phantom
  2426 | D:3      | Reached skill level 3 in Spellcasting
  2426 | D:3      | Reached skill level 1 in Fighting
  2426 | D:3      | Reached XP level 4. HP: 27/35 MP: 0/11
  2517 | D:3      | Learned a level 4 spell: Iskenderun's Mystic Blast
  2532 | D:3      | Reached XP level 5. HP: 40/40 MP: 8/12
  2710 | D:3      | Noticed Pargi
  2716 | D:3      | Killed Pargi
  2717 | D:3      | Reached skill level 3 in Fighting
  2843 | D:3      | Noticed Sigmund
  2851 | D:3      | Killed Sigmund
  2852 | D:3      | Reached skill level 3 in Translocations
  2852 | D:3      | Reached XP level 6. HP: 51/51 MP: 3/13
  3038 | D:3      | Learned a level 2 spell: Sublimation of Blood
  3127 | D:3      | Found Viunytsu's Book Shoppe.
  3491 | D:4      | Noticed Menkaure
  3501 | D:4      | Reached skill level 1 in Necromancy
  3565 | D:4      | Killed Menkaure
  3566 | D:4      | Reached skill level 2 in Necromancy
  3566 | D:4      | Reached skill level 4 in Translocations
  3566 | D:4      | Reached XP level 7. HP: 57/57 MP: 6/14
  3710 | D:4      | Reached skill level 2 in Stealth
  3931 | D:4      | Noticed Grinder
  3946 | D:4      | Killed Grinder
  3947 | D:4      | Reached skill level 3 in Stealth
  3947 | D:4      | Reached skill level 3 in Dodging
  4047 | D:4      | Noticed Natasha
  4056 | D:4      | Killed Natasha
  4319 | D:4      | Noticed Natasha
  4323 | D:4      | Killed Natasha
  4476 | D:4      | Noticed Natasha
  4482 | D:4      | Killed Natasha
  4538 | D:5      | Entered Level 5 of the Dungeon
  4823 | D:5      | Reached skill level 6 in Conjurations
  4880 | D:5      | Reached XP level 8. HP: 57/63 MP: 9/15
  5422 | D:5      | Reached skill level 5 in Translocations
  5756 | D:5      | Reached skill level 6 in Translocations
  5868 | D:6      | Noticed a hornet
  5883 | D:6      | Killed a hornet
  5884 | D:6      | Reached skill level 3 in Necromancy
  6000 | D:6      | Identified the +2 sling of Durable Reinforcement {flame,
                  | Fly rPois rF++ rC+}
  6002 | D:6      | Found a staircase to the Ecumenical Temple.
  6013 | D:6      | Reached skill level 4 in Spellcasting
  6176 | D:6      | Reached skill level 5 in Spellcasting
  6290 | D:6      | Reached skill level 1 in Armour
  6307 | D:6      | Reached skill level 2 in Armour
  6321 | D:6      | Reached XP level 9. HP: 59/69 MP: 10/20
  6430 | D:6      | Learned a level 4 spell: Fulminant Prism
  6837 | D:6      | Identified the +1 pair of boots "Xuag" {^Drain Regen+ Str-3
                  | SInv}
  6969 | D:6      | Reached skill level 1 in Alchemy
  7123 | D:7      | Reached skill level 2 in Alchemy
  7220 | D:7      | Reached skill level 3 in Alchemy
  7407 | D:7      | Found Yrod Hun's General Store.
  7423 | D:7      | Reached skill level 4 in Alchemy
  7423 | D:7      | Bought a potion of lignification for 30 gold pieces
  7423 | D:7      | Bought a potion of heal wounds for 50 gold pieces
  7550 | D:7      | Reached skill level 5 in Alchemy
  7633 | D:7      | Reached skill level 7 in Conjurations
  7765 | D:2      | Bought a potion of haste for 100 gold pieces
  7765 | D:2      | Bought a potion of enlightenment for 50 gold pieces
  7765 | D:2      | Bought a potion of degeneration for 10 gold pieces
  7765 | D:2      | Bought 2 potions of might for 80 gold pieces
  8323 | D:8      | Noticed a rime drake
  8324 | D:8      | Found the +4 skin of Zhor {*Englaciate rC+++ SInv}
  8327 | D:8      | Noticed a rime drake
  8327 | D:8      | Noticed a rime drake
  8327 | D:8      | Noticed a rime drake
  8327 | D:8      | Noticed a rime drake
  8621 | D:8      | Noticed a purple ugly thing
  8643 | D:8      | Killed a purple ugly thing
  8644 | D:8      | Reached skill level 2 in Ranged Weapons
  8872 | D:8      | Reached skill level 3 in Ranged Weapons
  9275 | D:8      | Killed a rime drake
  9276 | D:8      | Reached skill level 4 in Ranged Weapons
  9337 | D:8      | Killed a rime drake
  9338 | D:8      | Reached XP level 10. HP: 66/77 MP: 12/21
  9343 | D:8      | Reached skill level 7 in Translocations
  9465 | D:8      | Reached skill level 4 in Dodging
  9757 | D:9      | Reached skill level 3 in Armour
  9800 | D:9      | Found Xiosm's Distillery.
  9807 | D:9      | Bought a potion of invisibility for 104 gold pieces
  9807 | D:9      | Bought a potion of brilliance for 52 gold pieces
  9862 | D:9      | Reached skill level 4 in Necromancy
  9983 | D:9      | Reached skill level 4 in Stealth
 10010 | D:9      | Reached skill level 1 in Evocations
 10018 | D:9      | Reached skill level 2 in Evocations
 10293 | D:9      | Noticed a two-headed ogre
 10314 | D:9      | Killed a two-headed ogre
 10315 | D:9      | Reached skill level 5 in Necromancy
 10651 | D:9      | Noticed a two-headed ogre
 10671 | D:9      | Killed a two-headed ogre
 10672 | D:9      | Reached skill level 8 in Conjurations
 11108 | D:9      | Reached XP level 11. HP: 82/82 MP: 13/22
 11529 | D:9      | Learned a level 5 spell: Irradiate
 11544 | D:9      | Reached skill level 6 in Alchemy
 11745 | D:10     | Entered Level 10 of the Dungeon
 11781 | D:10     | Reached skill level 4 in Fighting
 12034 | D:10     | Noticed a two-headed ogre
 12046 | D:10     | Killed a two-headed ogre
 12047 | D:10     | Reached skill level 5 in Fighting
 12172 | D:10     | Found a staircase to the Lair.
 12303 | D:10     | Reached skill level 6 in Spellcasting
 12685 | D:10     | Found a staircase to the Orcish Mines.
 13000 | D:10     | Upgraded the game from 0.32-a0-132-g2d33c3cfaf to
                  | 0.32-a0-136-gc02482bde3
 13031 | Lair:1   | Entered Level 1 of the Lair of Beasts
 13043 | Lair:1   | Reached skill level 7 in Spellcasting
 13043 | Lair:1   | Upgraded the game from 0.32-a0-136-gc02482bde3 to
                  | 0.32-a0-163-g159c032296
 13188 | Lair:1   | Found a dark tunnel.
 13209 | Volcano  | Entered a volcano
 13548 | Volcano  | Noticed a salamander mystic
 13548 | Volcano  | Noticed a red draconian
 13554 | Volcano  | Reached skill level 9 in Conjurations
 13569 | Volcano  | Killed a salamander mystic
 13579 | Volcano  | Reached skill level 6 in Fighting
 13590 | Volcano  | Killed a red draconian
 13999 | Lair:1   | Reached skill level 8 in Spellcasting
 14059 | Lair:1   | Reached XP level 12. HP: 96/96 MP: 9/28
 14196 | Lair:1   | Reached skill level 5 in Ranged Weapons
 14443 | Lair:1   | Upgraded the game from 0.32-a0-163-g159c032296 to
                  | 0.32-a0-172-gc5dd13f2a7
 14645 | Lair:1   | Reached skill level 6 in Ranged Weapons
 15283 | Lair:2   | Reached skill level 10 in Conjurations
 15481 | Lair:2   | Reached skill level 7 in Alchemy
 15647 | Lair:2   | Reached skill level 3 in Evocations
 15657 | Lair:2   | Reached skill level 4 in Evocations
 15850 | Lair:2   | Found a staircase to the Snake Pit.
 15979 | Lair:2   | Found a staircase to the Shoals.
 16564 | Lair:3   | Reached skill level 9 in Spellcasting
 16982 | Lair:3   | Reached skill level 7 in Fighting
 17205 | Lair:3   | Reached XP level 13. HP: 107/107 MP: 4/30
 17600 | Lair:3   | Learned a level 6 spell: Bombard
 17686 | Lair:3   | Reached skill level 8 in Fighting
 17998 | Lair:4   | Reached skill level 1 in Earth Magic
 18023 | Lair:4   | Reached skill level 2 in Earth Magic
 18359 | Lair:4   | Reached skill level 3 in Earth Magic
 18377 | Lair:4   | Reached skill level 4 in Earth Magic
 19081 | Lair:4   | Reached skill level 5 in Earth Magic
 19113 | Lair:4   | Reached skill level 6 in Earth Magic
 19438 | Lair:5   | Entered Level 5 of the Lair of Beasts
 19444 | Lair:5   | Found a gate leading to a gauntlet.
 19453 | Gauntlet | Entered a Gauntlet
 19453 | Gauntlet | Found a transporter.
 19453 | Gauntlet | Found a transporter.
 19459 | Gauntlet | Found a transporter.
 19474 | Gauntlet | Found a transporter.
 19493 | Gauntlet | Found a transporter.
 19493 | Gauntlet | Found a transporter.
 19493 | Gauntlet | Found a transporter.
 19496 | Gauntlet | Found a transporter.
 19496 | Gauntlet | Found a transporter.
 19508 | Gauntlet | Found a transporter.
 19526 | Gauntlet | Found a transporter.
 19534 | Gauntlet | Found a runed translucent door.
 19536 | Gauntlet | Found a transporter.
 19538 | Gauntlet | Found a runed translucent door.
 19551 | Gauntlet | Found a transporter.
 19571 | Gauntlet | Found a transporter.
 19899 | Gauntlet | Reached skill level 7 in Earth Magic
 19938 | Gauntlet | Identified the ring "Ameoto Omudi" {Ice Slay+2}
 19959 | Gauntlet | Identified the +10 war axe of the Peculiar Realms {freeze,
                  | *Slow +Blink Dex+3}
 19959 | Gauntlet | Noticed a minotaur
 19972 | Gauntlet | Killed a minotaur
 19991 | Gauntlet | Identified the staff "Naej" {rElec Will+ Int-2 Dex+2 Air}
 19993 | Gauntlet | Identified a potion of resistance
 20261 | Lair:5   | Reached skill level 8 in Earth Magic
 20407 | Lair:5   | Noticed Sonja
 20410 | Lair:5   | Killed Sonja
 20543 | Lair:5   | Reached skill level 6 in Necromancy
 21346 | Lair:5   | Reached skill level 9 in Earth Magic
 21623 | Lair:5   | Reached skill level 5 in Dodging
 21772 | Lair:5   | Reached XP level 14. HP: 115/115 MP: 15/31
 22085 | Lair:5   | Reached skill level 6 in Dodging
 22149 | Lair:5   | Found a staircase to the Slime Pits.
 22544 | Lair:5   | Reached skill level 5 in Stealth
 23273 | Orc:1    | Entered Level 1 of the Orcish Mines
 24291 | Orc:2    | Entered Level 2 of the Orcish Mines
 24408 | Orc:2    | Found a staircase to the Elven Halls.
 24760 | Orc:2    | Reached skill level 11 in Conjurations
 25317 | Orc:2    | Reached skill level 10 in Spellcasting
 25519 | Orc:2    | Reached skill level 9 in Fighting
 25913 | Orc:2    | Found Yxataps's Armour Emporium.
 25913 | Orc:2    | Found Cyimonua's General Store.
 25914 | Orc:2    | Found Metikhlaf's Distillery.
 25914 | Orc:2    | Found Ziamucs's Antique Armour Emporium.
 27365 | D:12     | Reached skill level 8 in Translocations
 27778 | D:12     | Found a runed translucent gate.
 27778 | D:12     | Found a runed translucent gate.
 27778 | D:12     | Found a runed translucent gate.
 28433 | D:12     | Found Pownac's Blood Bar.
 29162 | D:12     | Noticed Asceticacid's ghost (journeyman GnSh)
 29629 | D:13     | Noticed Rupert
 29724 | D:13     | Found a runed translucent gate.
 29725 | D:13     | Found a runed translucent gate.
 29725 | D:13     | Found a runed translucent gate.
 29726 | D:13     | Noticed Bravepunisher's ghost (journeyman SpMo)
 29726 | D:13     | Noticed Suamaseekk's ghost (journeyman DsAl)
 29727 | D:13     | Noticed Winlehek's ghost (journeyman HOFi)
 30065 | D:13     | Reached skill level 12 in Conjurations
 30232 | D:13     | Noticed Jorgrun
 30239 | D:13     | Killed Jorgrun
 30455 | D:13     | Killed Rupert
 30456 | D:13     | Reached XP level 15. HP: 124/124 MP: 16/33
 31000 | D:13     | Upgraded the game from 0.32-a0-172-gc5dd13f2a7 to
                  | 0.32-a0-290-g598725c5f2
 31085 | D:13     | Reached skill level 10 in Earth Magic
 31630 | D:13     | Killed Bravepunisher's ghost
 31747 | D:13     | Killed Suamaseekk's ghost
 31763 | D:13     | Killed Winlehek's ghost
 31948 | D:13     | Got the Parchment of the Caves
 32536 | D:14     | Learned a level 5 spell: Borgnjor's Vile Clutch
 32727 | D:14     | Found a gate to the Vaults.
 32732 | D:14     | Reached skill level 13 in Conjurations
 33746 | D:15     | Entered Level 15 of the Dungeon
 33746 | D:15     | Noticed Agnes
 34032 | D:15     | Reached skill level 14 in Conjurations
 34754 | D:15     | Killed Agnes
 35006 | D:15     | Found a runed translucent door.
 35006 | D:15     | Noticed Hiweh's ghost (journeyman DgCj)
 35415 | D:3      | Bought Great Wizards, Vol. VII for 330 gold pieces
 35421 | D:3      | Learned a level 5 spell: Yara's Violent Unravelling
 35757 | D:15     | Reached skill level 1 in Hexes
 35861 | D:15     | Found a staircase to the Depths.
 35885 | D:15     | Reached skill level 2 in Hexes
 35898 | D:15     | Reached skill level 3 in Hexes
 36010 | D:15     | Reached skill level 4 in Hexes
 36444 | Snake:1  | Entered Level 1 of the Snake Pit
 36560 | Snake:1  | Reached skill level 5 in Hexes
 36912 | Snake:1  | Reached skill level 6 in Hexes
 37054 | Snake:1  | Reached skill level 7 in Hexes
 37639 | Snake:2  | Reached skill level 8 in Hexes
 37957 | Snake:2  | Reached skill level 9 in Hexes
 38298 | Snake:2  | Reached XP level 16. HP: 132/132 MP: 28/35
 38309 | Snake:2  | Reached skill level 10 in Hexes
 39010 | Snake:2  | Reached skill level 11 in Hexes
 39751 | Snake:3  | Identified the serpent talisman of Hide-and-Seek {rElec rC-
                  | Will++ Dex-4}
 39751 | Snake:3  | Noticed Aizul
 39864 | Snake:3  | Found a glacial archway.
 39930 | IceCv    | Entered an ice cave
 39939 | IceCv    | Reached skill level 12 in Hexes
 40326 | IceCv    | Reached skill level 13 in Hexes
 41515 | IceCv    | Reached skill level 14 in Hexes
 41520 | IceCv    | Reached skill level 11 in Earth Magic
 42517 | Snake:3  | Reached skill level 10 in Fighting
 42926 | Snake:3  | Reached skill level 4 in Armour
 43196 | Snake:3  | Reached skill level 1 in Shields
 43482 | Snake:3  | Reached skill level 2 in Shields
 43598 | Snake:3  | Killed Aizul
 43614 | Snake:3  | Noticed Azrael
 43712 | Snake:3  | Reached skill level 3 in Shields
 43714 | Snake:3  | Killed Azrael
 43952 | Snake:3  | Reached skill level 4 in Shields
 44419 | Snake:4  | Entered Level 4 of the Snake Pit
 44423 | Snake:4  | Noticed Vashnia
 44431 | Snake:4  | Killed Vashnia
 44432 | Snake:4  | Reached skill level 5 in Shields
 45503 | Snake:4  | Reached XP level 17. HP: 113/140 MP: 16/36
 45657 | Snake:4  | Reached skill level 11 in Spellcasting
 46259 | Snake:4  | Reached skill level 12 in Earth Magic
 47407 | Snake:4  | Identified the +0 chain mail of Jollak {Dex+4}
 47653 | Snake:4  | Found a runed translucent gate.
 47653 | Snake:4  | Found a runed translucent gate.
 47653 | Snake:4  | Found a runed translucent gate.
 47656 | Snake:4  | Noticed Jeykid's ghost (adept DgFE)
 47869 | Snake:4  | Reached skill level 12 in Spellcasting
 48145 | Snake:4  | Got a serpentine rune of Zot
 48393 | Shoals:1 | Entered Level 1 of the Shoals
 49873 | Shoals:1 | Reached skill level 11 in Fighting
 50863 | Shoals:2 | Reached skill level 6 in Shields
 51577 | Shoals:2 | Noticed MrSquiggles's ghost (adept DsWn)
 51647 | Shoals:2 | Found a transporter.
 51768 | Shoals:2 | Found a transporter.
 52286 | Shoals:2 | Found Xoiv Xas's Distillery.
 52291 | Shoals:2 | Bought a potion of heal wounds for 75 gold pieces
 52291 | Shoals:2 | Bought a potion of heal wounds for 75 gold pieces
 53590 | Shoals:3 | Reached skill level 13 in Spellcasting
 54385 | Shoals:4 | Entered Level 4 of the Shoals
 54400 | Shoals:3 | Learned a level 5 spell: Lee's Rapid Deconstruction
 55165 | Shoals:4 | Reached XP level 18. HP: 110/151 MP: 18/40
 55802 | Shoals:4 | Gained mutation: Your body sometimes deteriorates upon
                  | taking damage. [you]
 55812 | Shoals:4 | Reached skill level 15 in Conjurations
 56054 | Shoals:4 | Reached skill level 7 in Shields
 56455 | Shoals:4 | Reached skill level 5 in Evocations
 56571 | Shoals:4 | Got a barnacled rune of Zot
 56573 | Shoals:4 | Identified the +0 shortbow of the Onslaught {speed, rPois}
 56794 | Shoals:4 | Identified the +7 shortbow "Nyuhuac" {drain, ^Fragile MP+9
                  | Dex+3 Stlth+}
 57153 | Elf:1    | Entered Level 1 of the Elven Halls
 57424 | Elf:1    | Reached skill level 6 in Evocations
 57549 | Elf:1    | Found a magical portal.
 57564 | WizLab   | Entered Wucad Mu's Monastery
 57629 | Elf:1    | Paralysed by an air elemental for 1 turns
 57794 | Elf:1    | Paralysed by an air elemental for 1 turns
 58982 | Elf:2    | Reached skill level 14 in Spellcasting
 60008 | Elf:2    | Identified the +7 mace of Rinonaib {freeze, *Noise rN++}
 60327 | Elf:2    | Found a runed translucent gate.
 60328 | Elf:2    | Found a runed translucent gate.
 60329 | Elf:2    | Found a runed translucent gate.
 60618 | Elf:3    | Entered Level 3 of the Elven Halls
 60636 | Elf:3    | Reached skill level 13 in Earth Magic
 60776 | Elf:3    | Noticed Asterion
 60788 | Elf:3    | Killed Asterion
 61689 | Elf:3    | Identified the +7 spear of Fate {flame, *Slow Fly Str+4}
 61902 | Elf:3    | Reached skill level 14 in Earth Magic
 62025 | Elf:3    | Reached XP level 19. HP: 151/152 MP: 41/42
 62057 | Elf:3    | Identified the +9 mace of Wrath {vamp, Int+2}
 62061 | Elf:3    | Identified the +2 glaive of Leocuej {flame, Fly rC- Int+3}
 62525 | Elf:3    | Identified the +8 spear of Eternal War {antimagic, rElec
                  | rPois Will++ Str-5 Int+2}
 62569 | Elf:3    | Found the +2 shield of Resistance {rF++ rC++ Will++}
 62576 | Elf:3    | Identified the staff of Fortitude {rPois Dex+5 Alchemy}
 62583 | Elf:3    | Identified the +0 cloak "Erhusam" {Dex+4}
 62592 | Elf:3    | Got the Directory of Subzero Bringing Forth
 62598 | Elf:3    | Got the Atlas of the Iceberg
 62622 | Elf:3    | Got Fainer's Almanac of the Dynamic Mesa
 62656 | Elf:3    | Identified the +0 hand axe "Isheitra" {flame, Str+4}
 62953 | Vaults:1 | Entered Level 1 of the Vaults
 63400 | Vaults:1 | Reached skill level 16 in Conjurations
 64764 | Vaults:1 | Reached skill level 15 in Spellcasting
 66508 | Vaults:2 | Reached skill level 15 in Earth Magic
 67026 | Vaults:2 | Noticed Bai Suzhen
 67173 | Vaults:2 | Learned a level 8 spell: Lehudib's Crystal Spear
 67979 | Vaults:2 | Reached skill level 17 in Conjurations
 68947 | Vaults:2 | Reached XP level 20. HP: 165/165 MP: 29/44
 69141 | Vaults:2 | Killed Bai Suzhen
 70451 | Vaults:3 | Found a staircase to the Crypt.
 70625 | Vaults:3 | Reached skill level 16 in Earth Magic
 70961 | Vaults:3 | Identified the +1 short sword "Zig Jato" {elec, rElec Will-
                  | Str+3 Dex+3}
 71660 | Vaults:3 | Reached skill level 17 in Earth Magic
 71845 | Vaults:3 | Noticed Xtahua
 71851 | Vaults:3 | Killed Xtahua
 73353 | Vaults:4 | Reached skill level 16 in Spellcasting
 74223 | Vaults:4 | Noticed a golden dragon
 74256 | Vaults:4 | Reached skill level 12 in Fighting
 74263 | Vaults:4 | Killed a golden dragon
 74396 | Vaults:4 | Reached skill level 5 in Armour
 75007 | Vaults:3 | Upgraded the game from 0.32-a0-290-g598725c5f2 to
                  | 0.32-a0-306-gfed3edf829
 75124 | Vaults:4 | Reached XP level 21. HP: 167/174 MP: 39/47
 75312 | Vaults:4 | Reached skill level 18 in Conjurations
 76766 | Vaults:4 | Reached skill level 19 in Conjurations
 76963 | Vaults:4 | Identified the +0 mace "Ovoyr" {spect, rC- Str+2 Int+4
                  | SInv}
 76966 | Vaults:4 | Lost mutation: Your body sometimes deteriorates upon taking
                  | damage. [potion of mutation]
 76966 | Vaults:4 | Gained mutation: You are vulnerable to heat. (rF-) [potion
                  | of mutation]
 76966 | Vaults:4 | Gained mutation: Your muscles are strong. (Str +4, Int/Dex
                  | -1) [potion of mutation]
 76966 | Vaults:4 | Gained mutation: You expend magic power (3 MP) to
                  | strengthen your wands. [potion of mutation]
 77185 | Depths:1 | Entered Level 1 of the Depths
 77499 | Depths:1 | Found a gateway to a bazaar.
 77513 | Bazaar   | Entered a bazaar
 77532 | Bazaar   | Found Joakirush's Jewellery Shop.
 77550 | Bazaar   | Found Ycasusy's Magic Scroll Shop.
 77556 | Bazaar   | Bought a scroll of enchant armour for 120 gold pieces
 77556 | Bazaar   | Bought a scroll of teleportation for 48 gold pieces
 77556 | Bazaar   | Bought a scroll of enchant armour for 120 gold pieces
 77584 | Bazaar   | Found Liteagg's Book Shop.
 77584 | Bazaar   | Found Zilonn's Distillery.
 77601 | Bazaar   | Bought a potion of resistance for 170 gold pieces
 77601 | Bazaar   | Bought a potion of mutation for 136 gold pieces
 77601 | Bazaar   | Bought 2 potions of brilliance for 136 gold pieces
 77601 | Bazaar   | Bought a potion of heal wounds for 85 gold pieces
 77601 | Bazaar   | Bought a potion of brilliance for 68 gold pieces
 77601 | Bazaar   | Bought a potion of invisibility for 136 gold pieces
 78455 | Depths:1 | Found a gateway to Hell.
 78841 | Depths:1 | Identified a potion of experience
 78845 | Depths:1 | Reached XP level 22. HP: 183/183 MP: 48/48
 79414 | Depths:2 | Found Lowk's Antique Armour Boutique.
 79582 | Depths:2 | Reached skill level 18 in Earth Magic
 79687 | Depths:2 | HP: 3/144 [spriggan air mage/the air (25)]
 80645 | Depths:2 | Found a one-way gate leading to the halls of Pandemonium.
 80841 | Depths:2 | Identified the +5 demon whip "Tatips" {pain, rC+ rN+}
 80998 | Depths:2 | Reached skill level 17 in Spellcasting
 81155 | Depths:2 | Reached skill level 13 in Fighting
 81575 | Depths:2 | Reached skill level 7 in Dodging
 81650 | Depths:2 | Identified the +0 pair of boots of Qazlal's Displeasure
                  | {rElec rC++ Slay-2}
 81926 | Depths:2 | Lost mutation: Your muscles are strong. (Str +4, Int/Dex
                  | -1) [potion of mutation]
 81926 | Depths:2 | Lost mutation: You are vulnerable to heat. (rF-) [potion of
                  | mutation]
 81926 | Depths:2 | Lost mutation: You expend magic power (3 MP) to strengthen
                  | your wands. [potion of mutation]
 81926 | Depths:2 | Gained mutation: You have a pair of small horns on your
                  | head. [potion of mutation]
 81926 | Depths:2 | Gained mutation: You are somewhat resistant to further
                  | mutation. [potion of mutation]
 81935 | Depths:2 | You are sucked into a shaft and drop 2 floors!
 81935 | Depths:4 | Entered Level 4 of the Depths
 82435 | Depths:2 | Reached XP level 23. HP: 192/192 MP: 15/50
 83149 | Depths:2 | Reached skill level 19 in Earth Magic
 83447 | D:12     | Killed Asceticacid's ghost
 83690 | D:15     | Killed Hiweh's ghost
 85447 | Depths:3 | Found a one-way gate to the infinite horrors of the Abyss.
 85609 | Depths:3 | Found Aqyo's One-of-a-Kind Rings.
 85683 | Depths:3 | Reached skill level 18 in Spellcasting
 87926 | Depths:4 | Reached skill level 14 in Fighting
 88205 | Depths:4 | Noticed a caustic shrike
 88205 | Depths:4 | Noticed a caustic shrike
 88211 | Depths:4 | Noticed a caustic shrike
 88211 | Depths:4 | Noticed a caustic shrike
 88212 | Depths:4 | Killed a caustic shrike
 88212 | Depths:4 | Noticed a caustic shrike
 88655 | Depths:4 | Reached skill level 6 in Armour
 89417 | Depths:4 | Killed a caustic shrike
 89478 | Depths:4 | Killed a caustic shrike
 89482 | Depths:4 | Killed a caustic shrike
 89483 | Depths:4 | Killed a caustic shrike
 89915 | Depths:4 | Identified the ring of Dygouts {rElec rCorr Int+6}
 89920 | Depths:4 | Noticed a juggernaut
 89929 | Depths:4 | Killed a juggernaut
 90158 | Depths:4 | Noticed a caustic shrike
 90164 | Depths:4 | Noticed a caustic shrike
 90164 | Depths:4 | Noticed a caustic shrike
 90191 | Depths:4 | HP: 16/195 [acid (5)]
 90192 | Depths:4 | Mangled by a caustic shrike

Vanquished Creatures
  A juggernaut (Depths:4)
  Xtahua (Vaults:3)
  Bai Suzhen (Vaults:2)
  Vashnia (Snake:4)
  5 caustic shrikes (Depths:4)
  2 golden dragons
  A tentacled monstrosity (Vaults:4)
  Rupert (D:13)
  Jorgrun (D:13)
  3 liches
  2 deep elf blademasters (Elf:3)
  Asterion (Elf:3)
  3 titans (Vaults:4)
  2 krakens
  8 sphinxes
  An Executioner (Depths:2)
  Agnes (D:15)
  2 deep elf master archers (Elf:3)
  2 shadow dragons
  5 tengu reavers
  Aizul (Snake:3)
  11 nagarajas
  7 fire giants
  3 emperor scorpions (Depths:2)
  The ghost of Hiweh the Destroyer, a journeyman DgCj (D:15)
  11 frost giants
  5 spectral caustic shrikes (Depths:2)
  14 vault wardens
  6 deep elf sorcerers
  A deep elf elementalist (Elf:3)
  An orc warlord (Vaults:3)
  A reaper (Depths:4)
  2 balrugs (Depths:2)
  16 very ugly things
  3 cacodemons (Depths:2)
  A draconian annihilator (Depths:4)
  2 draconian stormcallers (Depths:4)
  4 spriggan defenders
  11 ironbound thunderhulks
  11 stone giants
  24 ironbound preservers
  2 formless jellyfish
  A green draconian (Depths:4)
  The ghost of Suamaseekk the Thaumaturge, a journeyman DsAl of Kikubaaqudgha (D:13)
  10 deep elf demonologists
  9 deep elf death magi
  2 minotaurs
  A vampire knight (Depths:2)
  2 red draconians
  2 white draconians
  Azrael (Snake:3)
  14 deep elf annihilators
  A yellow draconian (Depths:4)
  14 dire elephants
  10 spark wasps
  6 ettins
  A green death (Depths:2)
  The ghost of Asceticacid the Martial Artist, a journeyman GnSh of Makhleb (D:12)
  2 blizzard demons
  3 merfolk impalers
  3 jiangshi (Depths:4)
  3 entropy weavers
  4 deep elf high priests
  7 yaktaur captains
  The ghost of Winlehek the Cleaver, a journeyman HOFi of Beogh (D:13)
  7 fire dragons
  4 great orbs of eyes
  An entropy weaver (shapeshifter) (Depths:4)
  6 rakshasas
  7 spriggan air magi
  11 vault guards
  20 ice dragons
  5 ogre magi
  5 hydras
  A peacekeeper (Vaults:1)
  A hell beast (Depths:2)
  5 salamander tyrants
  2 merfolk aquamancers
  A catoblepas (Vaults:4)
  3 death knights
  20 two-headed ogres
  9 centaur warriors
  3 alligator snapping turtles
  9 dancing weapons
  5 anacondas
  4 merfolk avatars
  6 boulder beetles
  11 ironbound frosthearts
  7 deep troll shamans
  3 vampire magi
  14 naga warriors
  13 satyrs
  7 tengu warriors
  3 death yaks (Lair:4)
  3 hell hogs (Depths:2)
  The ghost of Bravepunisher the Orderly, a journeyman SpMo of Makhleb (D:13)
  An occultist (Depths:2)
  5 soul eaters
  An orc high priest (Elf:2)
  A spriggan berserker (Depths:3)
  8 shock serpents
  12 naga sharpshooters
  Sonja (Lair:5)
  12 deep troll earth magi
  3 sun demons
  6 iron trolls
  14 hell knights
  7 salamander mystics
  9 deep elf knights
  7 skysharks
  4 skeletal warriors (D:15)
  4 shadow wraiths
  A goliath frog (Lair:5)
  A sixfirhy (Depths:2)
  7 naga ritualists
  17 sea snakes
  4 mana vipers
  25 ironbound convokers
  92 deep trolls
  2 orange crystal statues
  9 arcanists
  3 glowing orange brains
  A swamp dragon (Vaults:4)
  2 quicksilver dragon simulacra (Depths:4)
  2 phantasmal warriors
  22 harpies
  10 lindwurms
  A lindwurm (shapeshifter) (D:15)
  7 deep elf archers
  2 necromancers
  17 deep elf zephyrmancers
  2 wolf spiders (Lair:5)
  50 ugly things
  24 deep elf pyromancers
  6 orc knights
  23 salamanders
  2 orc sorcerers (Orc:1)
  5 oklob plants
  7 cyclopes
  A manticore (shapeshifter) (D:14)
  12 manticores
  14 fauns
  3 meliai (Gauntlet)
  8 guardian serpents
  4 water nymphs
  6 merfolk sirens
  14 naga magi
  An ice statue (Depths:4)
  17 vault sentinels
  30 black mambas
  A torpor snail (shapeshifter) (Depths:3)
  A cane toad (shapeshifter) (D:13)
  A molten gargoyle (Volcano)
  A hellion (Depths:3)
  A torpor snail (Lair:3)
  3 gargoyles
  An unseen horror (D:11)
  22 cane toads
  16 rime drakes
  6 komodo dragons
  3 kobold demonologists
  7 freezing wraiths
  2 efreet (D:14)
  25 yaktaurs
  5 tengu conjurers
  2 ice devils (Depths:4)
  19 merfolk
  4 trolls
  8 hornets
  Grinder (D:4)
  3 wind drakes
  2 tyrant leeches (Lair:5)
  A tarantella (Vaults:3)
  A hornet (shapeshifter) (Elf:2)
  11 polar bears
  30 blink frogs
  7 dream sheep
  A snapping turtle (shapeshifter) (Depths:2)
  11 snapping turtles
  Sigmund (D:3)
  2 glass eyes
  13 water elementals
  6 wraiths
  3 air elementals
  2 vampires (D:12)
  5 spriggans
  3 shadows
  4 wyverns
  21 slime creatures
  4 fire bats (Volcano)
  61 yaks
  2 steam dragons
  6 fire elementals
  3 redbacks
  2 basilisks
  4 wargs
  16 vampire mosquitoes
  Menkaure (D:4)
  2 acid dragons
  44 nagas
  17 water moccasins
  2 hell hounds (Snake:3)
  Pargi (D:3)
  26 orc warriors
  An ice beast (D:7)
  4 ettin simulacra (Depths:4)
  2 sky beasts
  4 black bears
  2 laughing skulls (D:13)
  4 small abominations (Gauntlet)
  A crocodile (shapeshifter) (D:14)
  34 ogres
  7 boggarts
  15 wolves
  14 centaurs
  2 phantoms
  15 bullfrogs
  5 kobold brigands
  A gnoll sergeant (D:7)
  4 scorpions
  2 earth elementals (Elf:1)
  8 wights
  6 electric eels
  7 howler monkeys
  4 lava snakes (Volcano)
  7 hounds
  5 jellies
  A bombardier beetle (D:3)
  A gnoll bouda (D:9)
  8 orc priests
  A sleepcap (D:6)
  Natasha (thrice) (D:4)
  6 iguanas
  17 orc wizards
  11 adders
  8 gnolls
  A shadow imp (D:5)
  A white imp (D:6)
  3 dart slugs
  2 ribbon worms
  61 orcs
  10 endoplasms
  A giant cockroach (D:4)
  9 hobgoblins
  9 jackals
  2 quokkas
  8 ball pythons
  4 bats
  7 frilled lizards
  4 goblins
  17 kobolds
  5 rats
  9 tentacles
1837 creatures vanquished.

Vanquished Creatures (others)
  434 fulminant prisms
  8 tentacles
442 creatures vanquished.

Grand Total: 2279 creatures vanquished

Table legend: (Time is in decaauts)
 A = Elapsed time spent in this place.
 B = Non-inter-level travel time spent in this place.
 C = Inter-level travel time spent in this place.
 D = Time resting spent in this place.
 E = Time spent auto-exploring this place.
 F = Levels seen in this place.
 G = Mean time per level.
                   A        B        C        D        E       F      G
               +--------+--------+--------+--------+--------+-----+--------+
         Total |  90401 |  84744 |   5657 |  29099 |  39797 |  46 | 1965.2 |
       Dungeon |  24548 |  22126 |   2422 |   5040 |  13927 |  15 | 1636.5 |
          Lair |  10159 |   9617 |    542 |   3431 |   4556 |   5 | 2031.8 |
        Shoals |   7668 |   7363 |    305 |   3106 |   2797 |   4 | 1917.0 |
     Snake Pit |   9811 |   9435 |    376 |   4307 |   3512 |   4 | 2452.8 |
  Orcish Mines |   3326 |   3145 |    181 |   1638 |   1074 |   2 | 1663.0 |
   Elven Halls |   5358 |   5122 |    236 |   2077 |   1977 |   3 | 1786.0 |
        Vaults |  13875 |  13029 |    846 |   3606 |   6486 |   4 | 3468.8 |
        Depths |  12077 |  11331 |    746 |   4761 |   3835 |   4 | 3019.2 |
        Bazaar |    123 |    123 |      0 |      0 |     86 |   1 |  123.0 |
      Ice Cave |   2134 |   2134 |      0 |   1005 |    747 |   1 | 2134.0 |
       Volcano |    745 |    745 |      0 |     40 |    529 |   1 |  745.0 |
        Wizlab |     23 |     23 |      0 |     20 |      0 |   1 |   23.0 |
      Gauntlet |    548 |    548 |      0 |     67 |    271 |   1 |  548.0 |
               +--------+--------+--------+--------+--------+-----+--------+

Top non-repeatable levels by time:
Depths:2: 5413 daAuts
Vaults:2: 4131 daAuts
Vaults:3: 3730 daAuts
 Snake:3: 3484 daAuts
Vaults:4: 3042 daAuts
Vaults:1: 2970 daAuts
  Lair:4: 2848 daAuts
    D:13: 2822 daAuts
 Snake:4: 2599 daAuts
    D:14: 2555 daAuts
  Lair:2: 2499 daAuts
     D:9: 2415 daAuts
    D:12: 2389 daAuts
Depths:3: 2320 daAuts
Depths:1: 2304 daAuts

Table legend:
 A = Non-vault XP
 B = Vault XP
 C = Vault XP percentage of total XP
 D = Non-vault monster count
 E = Vault monster count
 F = Vault count percentage of total count
                 A         B        C        D         E       F
            +---------+---------+-------+---------+---------+-------
      Total |  507736 |  478025 |  48.5 |    1117 |     711 |  38.9
            +---------+---------+-------+---------+---------+-------
        D:1 |      39 |       0 |   0.0 |      25 |       0 |   0.0
        D:2 |      69 |       1 |   1.4 |      20 |       1 |   4.8
        D:3 |     185 |     383 |  67.4 |      13 |       3 |  18.8
        D:4 |     234 |     498 |  68.0 |      21 |       3 |  12.5
        D:5 |     688 |       0 |   0.0 |      18 |       0 |   0.0
        D:6 |     691 |     866 |  55.6 |      13 |      15 |  53.6
        D:7 |    1492 |       0 |   0.0 |      21 |       0 |   0.0
        D:8 |     980 |    1907 |  66.1 |      11 |       5 |  31.2
        D:9 |    1428 |    4083 |  74.1 |      25 |      19 |  43.2
       D:10 |    3841 |       0 |   0.0 |      21 |       0 |   0.0
       D:11 |    2089 |       0 |   0.0 |      12 |       0 |   0.0
       D:12 |    4127 |    4062 |  49.6 |      20 |      33 |  62.3
       D:13 |    8217 |   11160 |  57.6 |      16 |      14 |  46.7
       D:14 |   12110 |    5955 |  33.0 |      24 |       9 |  27.3
       D:15 |   16013 |    7177 |  30.9 |      28 |       8 |  22.2
     Lair:1 |    4264 |    1114 |  20.7 |      21 |       2 |   8.7
     Lair:2 |   13666 |     809 |   5.6 |      48 |       2 |   4.0
     Lair:3 |    8302 |     342 |   4.0 |      38 |       3 |   7.3
     Lair:4 |    9668 |     609 |   5.9 |      32 |       2 |   5.9
     Lair:5 |    6307 |   14643 |  69.9 |      15 |      53 |  77.9
   Shoals:1 |   11853 |    1577 |  11.7 |      21 |       3 |  12.5
   Shoals:2 |   14240 |     832 |   5.5 |      25 |       1 |   3.8
   Shoals:3 |    6305 |     505 |   7.4 |      15 |       2 |  11.8
   Shoals:4 |   11316 |   25655 |  69.4 |      22 |      35 |  61.4
    Snake:1 |   10942 |       0 |   0.0 |      22 |       0 |   0.0
    Snake:2 |   15500 |       0 |   0.0 |      28 |       0 |   0.0
    Snake:3 |   19256 |   10337 |  34.9 |      36 |      20 |  35.7
    Snake:4 |   16532 |   33827 |  67.2 |      40 |      50 |  55.6
      Orc:1 |    3598 |    1066 |  22.9 |      28 |       3 |   9.7
      Orc:2 |    5318 |   16129 |  75.2 |      29 |      40 |  58.0
      Elf:1 |   15126 |    8850 |  36.9 |      25 |      14 |  35.9
      Elf:2 |   18229 |    2288 |  11.2 |      34 |       3 |   8.1
      Elf:3 |    5502 |   36103 |  86.8 |       9 |      32 |  78.0
   Vaults:1 |   38300 |    6686 |  14.9 |      56 |       9 |  13.8
   Vaults:2 |   32202 |   27010 |  45.6 |      50 |      31 |  38.3
   Vaults:3 |   33485 |   37884 |  53.1 |      43 |      44 |  50.6
   Vaults:4 |   28399 |   69221 |  70.9 |      37 |      78 |  67.8
   Depths:1 |   28412 |     781 |   2.7 |      37 |       1 |   2.6
   Depths:2 |   58957 |   54979 |  48.3 |      72 |      54 |  42.9
   Depths:3 |   32526 |   14244 |  30.5 |      37 |      14 |  27.5
   Depths:4 |    7328 |   43272 |  85.5 |       9 |      40 |  81.6
      IceCv |       0 |   23805 | 100.0 |       0 |      39 | 100.0
    Volcano |       0 |    5921 | 100.0 |       0 |      16 | 100.0
   Gauntlet |       0 |    3444 | 100.0 |       0 |      10 | 100.0
            +---------+---------+-------+---------+---------+-------
